 Dungeon Crawl Stone Soup version 0.31-a0-750-gfe7b580527 (webtiles) character file.

Game seed: 14883985370504461750

112 cforsyth the Sneak (level 5, 0/41 HPs)
             Began as a Djinni Delver on Sept 14, 2023.
             Slain by an iguana (7 damage)
             ... on level 4 of the Dungeon.
             The game lasted 00:02:35 (1373 turns).

cforsyth the Sneak (Djinni Delver)                  Turns: 1373, Time: 00:02:35

Health: 0/41       AC:  4    Str: 11    XL:     5   Next: 16%
Gold:   30         EV: 13    Int: 14    God:
                   SH:  0    Dex: 17

rFire   + + +        a - +0 falchion
rCold   x . .        (no shield)
rNeg    . . .        b - +0 leather armour
rPois   ∞            s - +0 helmet
rElec   .            (no cloak)
rCorr   +            (no gloves)
SInv    .            (boots unavailable)
Will    .....        (no amulet)
Stlth   +++          h - ring of Fypnizxuo {rPois rF+ rCorr Dex+3}
HPRegen 0.26/turn    (no ring)
MPRegen 0.00/turn

%: infuse magic (-1 HP)
@: flying
A: sickness immunity, fire resistance 2, cold vulnerability 1, float, innate
caster, HP casting, extra vitality 1
a: no special abilities


You were on level 4 of the Dungeon.
You visited 1 branch of the dungeon, and saw 3 of its levels.

You collected 30 gold pieces.

Inventory:

Hand Weapons
 a - a +0 falchion (weapon)
Missiles
 l - a throwing net
Armour
 b - a +0 leather armour (worn)
 s - a +0 helmet (worn)
Jewellery
 h - the ring of Fypnizxuo (left hand) {rPois rF+ rCorr Dex+3}
   (You found it on level 4 of the Dungeon)

   [ring of protection from fire]

   Dex+3:     It affects your dexterity (+3).
   rF+:       It protects you from fire.
   rPois:     It protects you from poison rCorr: It protects you from acid and
   corrosion.
 n - a ring of willpower
Wands
 g - a wand of digging (8)
 k - a wand of roots (8)
Scrolls
 c - a scroll of fog
 d - a scroll of revelation
 e - a scroll of fear
 i - a scroll of acquirement {unknown}
 j - a scroll of identify {unknown}
 m - a scroll of poison {unknown}
 o - a scroll of immolation {unknown}
 p - a scroll of brand weapon {unknown}
Potions
 f - a potion of haste
 q - a potion of enlightenment {unknown}
 r - a potion of curing {unknown}


   Skills:
 + Level 3.7 Fighting
 + Level 2.6 Long Blades
 + Level 3.2 Dodging
 + Level 4.6 Stealth


You knew the following spells:

 Your Spells              Type           Power      Damage    Failure   Level
a - Summon Small Mammal   Summ           0%         N/A       36%         1
b - Lesser Beckoning      Tloc           0%         N/A       50%         2
Your spell library was empty.

Dungeon Overview and Level Annotations

Branches:
Dungeon (5/15)
 Temple: D:4-7

Altars:
The Shining One

Annotations:
D:4 2 runed translucent doors, benadryl's ghost, novice VSEn


Innate Abilities, Weirdness & Mutations

You are immune to sickness and miasma.
You are immune to poison.
Your flesh is very heat resistant. (rF++)
You are vulnerable to cold. (rC-)
You float through the air rather than walking.
You learn spells naturally, not from books.
Your magical power is your life essence.
You have superior vitality. (+4 MHP)


Message History

No target in view!
No target in view!
No target in view!
No target in view!
The iguana hisses angrily.
You see here a +0 helmet.
s - a +0 helmet You start putting on your armour.
You continue putting on your +0 helmet. x4
The iguana closely misses you.
You finish putting on your +0 helmet.
You hit the iguana but do no damage.
The iguana bites you but does no damage.
You barely miss the iguana. The iguana closely misses you.
You hit the iguana.
The iguana is lightly wounded.
The iguana bites you.
You barely miss the iguana.
The iguana is lightly wounded.
The iguana bites you but does no damage.
You barely miss the iguana.
The iguana is lightly wounded.
The iguana closely misses you. The iguana barely misses you.
You barely miss the iguana.
The iguana is lightly wounded.
The iguana bites you.
You barely miss the iguana.
The iguana is lightly wounded.
The iguana bites you!
You closely miss the iguana.
The iguana is lightly wounded.
The iguana closely misses you.
You hit the iguana.
The iguana is lightly wounded.
The iguana bites you!
You closely miss the iguana.
The iguana is lightly wounded.
The iguana bites you!
* * * LOW HITPOINT WARNING * * *
The iguana bites you!
You die...

...## #.........
#.........#####
#.###....=....###
#.# ....l.....#
..## #.......#.#
...## #.# #...#.#
....###.# #..#.##
........## #...l@#
.........###..##.#
######..(.....##.#
##......###.#
#.###### #.# #.#
..# #.# ..# #.#
..# #### #.#


You could see an iguana.

Vanquished Creatures
  A scorpion (D:4)
  3 adders (D:3)
  A dart slug (D:4)
  3 orcs
  A ball python (D:3)
  4 endoplasms
  A goblin (D:4)
  3 hobgoblins
  2 kobolds
19 creatures vanquished.

Notes
Turn   | Place    | Note
-------+----------+-------------------------------------------
     0 | D:5      | cforsyth the Djinni Delver began the quest for the Orb.
     0 | D:5      | Reached XP level 1. HP: 20/20 MP: 0/0
     3 | D:5      | Noticed an orc priest
    33 | D:5      | Found a glowing golden altar of the Shining One.
   115 | D:4      | Noticed a scorpion
   130 | D:4      | Killed a scorpion
   131 | D:4      | Reached XP level 2. HP: 7/25 MP: 0/0
   131 | D:4      | Reached XP level 3. HP: 8/30 MP: 0/0
   131 | D:4      | Learned a level 1 spell: Summon Small Mammal
   131 | D:4      | Reached XP level 4. HP: 10/35 MP: 0/0
   485 | D:4      | Identified the ring of Fypnizxuo {rPois rF+ rCorr Dex+3}
  1023 | D:3      | Reached XP level 5. HP: 40/41 MP: 0/0
  1023 | D:3      | Learned a level 2 spell: Lesser Beckoning
  1287 | D:4      | Found a large runed translucent door.
  1287 | D:4      | Found a large runed translucent door.
  1289 | D:4      | Noticed benadryl's ghost (novice VSEn)
  1373 | D:4      | Slain by an iguana

Illustrated notes

Levels and vault maps discovered:
D:3:      layout_loops_ring, gammafunk_ghost_mausoleum, minmay_misc_feat_iff
D:4:      layout_basic, ebering_ghost_disaster_area, hangedman_decor_growths,
          hangedman_decor_lopped, amcnicky_mini_pool_small, item_on_display_a
D:5:      layout_layer_cave, tso_metal_star, enter_ossuary_4,
          hangedman_abyss_or_decor_slice, uniq_eustachio

Skill      XL: |  1 |
---------------+----+-----
Long Blades    | 2 |  2.6
Dodging        | 3 |  3.2
Fighting       | |  3.7
Stealth        | |  4.6

Action                     |  1- 3 |  4- 6 || total
---------------------------+-------+-------++-------
  Melee: Falchion          |    14 |    82 ||    96
   Stab: Sleeping          |     1 |     3 ||     4
         Distracted        |       |     1 ||     1
 Armour: Leather armour    |     9 |    51 ||    60
  Dodge: Dodged            |    10 |    48 ||    58

Table legend: (Time is in decaauts)
 A = Elapsed time spent in this place.
 B = Non-inter-level travel time spent in this place.
 C = Inter-level travel time spent in this place.
 D = Time resting spent in this place.
 E = Time spent auto-exploring this place.
 F = Levels seen in this place.
 G = Mean time per level.
                   A        B        C        D        E       F      G
               +--------+--------+--------+--------+--------+-----+--------+
         Total |   1390 |   1339 |     51 |      0 |    979 |   3 |  463.3 |
       Dungeon |   1390 |   1339 |     51 |      0 |    979 |   3 |  463.3 |
               +--------+--------+--------+--------+--------+-----+--------+

Top non-repeatable levels by time:
     D:4: 864 daAuts
     D:3: 465 daAuts
     D:5: 60 daAuts
